 Dungeon Crawl Stone Soup version 0.30.0-5-g1a98f26d00 (webtiles) character file.

Game seed: 9321405165263197378

94 retardedninja the Firebug (level 4, -10/32 HPs)
             Began as a Gnoll Fire Elementalist on May 9, 2023.
             Mangled by an ogre
             ... wielding a +0 giant club
              (22 damage)
             ... on level 3 of the Dungeon.
             The game lasted 00:03:05 (2876 turns).

retardedninja the Firebug (Gnoll Fire Elementalist) Turns: 2876, Time: 00:03:06

Health: -10/32     AC:  2    Str: 13    XL:     4   Next: 63%
Magic:  2/11       EV: 13    Int: 16    God:
Gold:   154        SH:  0    Dex: 13    Spells: 10/13 levels left

rFire   . . .        j - +0 mace
rCold   . . .        (no shield)
rNeg    . . .        a - +0 robe
rPois   .            (no helmet)
rElec   .            (no cloak)
rCorr   .            (no gloves)
SInv    .            (no boots)
Will    .....        (no amulet)
Stlth   +++          f - +6 ring of strength
HPRegen 0.25/turn    (no ring)
MPRegen 0.12/turn

%: no passive effects
@: no status effects
A: fangs 1, strong nose, distributed training
a: no special abilities


You were on level 3 of the Dungeon.
You visited 1 branch of the dungeon, and saw 3 of its levels.

You collected 154 gold pieces.

Inventory:

Hand Weapons
 j - a +0 mace (weapon)
Armour
 a - a +0 robe (worn)
Jewellery
 f - a +6 ring of strength (left hand)
Scrolls
 e - a scroll of amnesia {unknown}
 g - a scroll of enchant weapon {unknown}
 h - 3 scrolls of identify {unknown}
 i - 2 scrolls of teleportation {unknown}
 m - a scroll of poison {unknown}
Potions
 b - 2 potions of magic
 c - a potion of curing {unknown}
 d - 2 potions of heal wounds {unknown}
 k - a potion of attraction {unknown}
 l - a potion of degeneration {unknown}


   Skills:
 + Level 1.2 Fighting
 + Level 1.2 Short Blades
 + Level 1.2 Long Blades
 + Level 1.2 Axes
 + Level 1.2 Maces & Flails
 + Level 1.2 Polearms
 + Level 1.2 Staves
 + Level 1.2 Ranged Weapons
 + Level 1.2 Throwing
 + Level 1.2 Armour
 + Level 4.7 Dodging
 + Level 4.3 Stealth
 + Level 1.2 Shields
 + Level 1.2 Unarmed Combat
 + Level 5.1 Spellcasting
 + Level 2.3 Conjurations
 + Level 1.0 Hexes
 + Level 1.0 Summonings
 + Level 1.0 Necromancy
 + Level 1.0 Translocations
 + Level 1.0 Transmutations
 + Level 5.5 Fire Magic
 + Level 1.0 Ice Magic
 + Level 1.0 Air Magic
 + Level 1.0 Earth Magic
 + Level 1.0 Poison Magic
 + Level 1.4 Invocations
 + Level 1.2 Evocations


You had 10 spell levels left.
You knew the following spells:

 Your Spells              Type           Power      Damage    Failure   Level
a - Foxfire               Conj/Fire      64%        2x1d7     3%          1
b - Scorch                Fire           42%        2d6       2%          2

Your spell library contained the following spells:

 Spells                   Type           Power      Damage    Failure   Level
 Inner Flame              Hex/Fire       14%        N/A       12%         3
 Volatile Blastmotes      Fire/Tloc      28%        2d12      12%         3
 Flame Wave               Conj/Fire      16%        2d7       30%         4


Dungeon Overview and Level Annotations

Branches:
Dungeon (3/15)

Altars:
Makhleb


Innate Abilities, Weirdness & Mutations

You have very sharp teeth.
Your uncanny sense of smell can sniff out nearby items.
Your experience applies equally to all skills.


Message History

You conjure some foxfire!
The ogre shouts!
The foxfire hits Terence.
Terence is moderately wounded.
You conjure some foxfire!
The foxfire hits Terence but does no damage.
Terence is moderately wounded.
The foxfire hits Terence.
Terence is heavily wounded.
The foxfire hits Terence.
Terence is severely wounded.
Terence hits you with a +0 hand axe.
You conjure some foxfire!
Terence closely misses you.
Terence hits your foxfire with a +0 hand axe. x2
The foxfire hits Terence.
Terence is severely wounded.
The foxfire hits Terence but does no damage.
Terence is severely wounded.
Terence closely misses you.
You conjure some foxfire!
Terence barely misses you.
You barely miss Terence.
Terence is severely wounded.
The foxfire hits Terence but does no damage.
Terence is severely wounded.
The foxfire hits Terence.
Terence is severely wounded.
The ogre hits you with a +0 giant club!
Ouch! That really hurt!
Terence closely misses you.
Casting: Foxfire (safe; 3% risk of failure)
Confirm with . or Enter, or press ? or * to list all spells.
Flames lash Terence but do no damage.
Terence misses you.
Unknown command.
Casting: Scorch (safe; 2% risk of failure)
Confirm with . or Enter, or press ? or * to list all spells.
Flames lash Terence.
You kill Terence!
The ogre hits you with a +0 giant club!!
Ouch! That really hurt!
You die...

#..............
#....................
#....................
####....................
#..........#.........#..
#......... ###P###.###..
##........ #..P......#..
#......O)# .#.#.#.#P#P#..
##.......@#..#......P..#..
..........#..###.###P###..
........####.#..P. ..PP#..
..........##.###P# #P###..
##........##.#...(.....#.#
##)......##.#.#.#P#P#.#..
#.....#....#......P..#..
#########..###.###.###..
##.#.........#.#


You could see an ogre.

Vanquished Creatures
  Terence (D:3)
  5 adders
  3 bats
  4 endoplasms
  3 giant cockroaches
  3 goblins
  5 hobgoblins
  6 quokkas
  A ball python (D:1)
  A frilled lizard (D:2)
  12 kobolds
  A rat (D:2)
45 creatures vanquished.

Vanquished Creatures (collateral kills)
  4 foxfires (D:3)
4 creatures vanquished.

Vanquished Creatures (others)
  239 foxfires
239 creatures vanquished.

Grand Total: 288 creatures vanquished

Notes
Turn   | Place    | Note
-------+----------+-------------------------------------------
     0 | D:1      | retardedninja the Gnoll Fire Elementalist began the quest
                  | for the Orb.
     0 | D:1      | Reached XP level 1. HP: 13/13 MP: 6/6
     0 | D:1      | Noticed a shadow dragon
     0 | D:1      | Noticed an orb of fire
     1 | D:1      | Noticed an iron dragon
     1 | D:1      | Noticed a shadow dragon
     3 | D:1      | Noticed a tentacled monstrosity
     6 | D:1      | Noticed an iron dragon
     8 | D:1      | Noticed an ice dragon
     9 | D:1      | Noticed a golden dragon
    10 | D:1      | Noticed a black draconian
    15 | D:1      | Noticed an ice dragon
    15 | D:1      | Noticed a black draconian
    17 | D:1      | Noticed a tentacled monstrosity
    17 | D:1      | Noticed an orb of fire
    17 | D:1      | Noticed an ice dragon
    19 | D:1      | Noticed a tentacled monstrosity
    19 | D:1      | Noticed an iron dragon
    19 | D:1      | Noticed a purple draconian
    21 | D:1      | Noticed a golden dragon
    23 | D:1      | Noticed a large abomination
   193 | D:1      | Reached XP level 2. HP: 19/19 MP: 3/7
  1061 | D:1      | Learned a level 2 spell: Scorch
  1212 | D:2      | Reached skill level 5 in Spellcasting
  1212 | D:2      | Reached XP level 3. HP: 25/25 MP: 4/9
  1336 | D:2      | Reached skill level 1 in Invocations
  1839 | D:2      | Reached skill level 1 in Fighting
  1839 | D:2      | Reached skill level 1 in Short Blades
  1839 | D:2      | Reached skill level 1 in Long Blades
  1839 | D:2      | Reached skill level 1 in Axes
  1839 | D:2      | Reached skill level 1 in Maces & Flails
  1839 | D:2      | Reached skill level 1 in Polearms
  1839 | D:2      | Reached skill level 1 in Staves
  1839 | D:2      | Reached skill level 1 in Ranged Weapons
  1839 | D:2      | Reached skill level 1 in Throwing
  1839 | D:2      | Reached skill level 1 in Armour
  1839 | D:2      | Reached skill level 1 in Shields
  1839 | D:2      | Reached skill level 1 in Unarmed Combat
  1839 | D:2      | Reached skill level 1 in Evocations
  2009 | D:2      | Reached XP level 4. HP: 32/32 MP: 8/11
  2493 | D:3      | Noticed Terence
  2523 | D:3      | Found a burning altar of Makhleb.
  2620 | D:3      | Reached skill level 1 in Hexes
  2620 | D:3      | Reached skill level 1 in Summonings
  2620 | D:3      | Reached skill level 1 in Necromancy
  2620 | D:3      | Reached skill level 1 in Translocations
  2620 | D:3      | Reached skill level 1 in Transmutations
  2620 | D:3      | Reached skill level 1 in Ice Magic
  2620 | D:3      | Reached skill level 1 in Air Magic
  2620 | D:3      | Reached skill level 1 in Earth Magic
  2620 | D:3      | Reached skill level 1 in Poison Magic
  2867 | D:3      | Noticed an ogre
  2876 | D:3      | Killed Terence
  2876 | D:3      | Mangled by an ogre

Illustrated notes

Levels and vault maps discovered:
D:1:      shiori_arrival_whats_in_store_for_you, layout_basic
D:2:      layout_loops_ring
D:3:      layout_basic, mainiacjoe_overflow_chevrons,
          shapermc_ecumenical_altar_mp_urbaneastern, uniq_terence

Skill      XL: |  1  2  3  4 |
---------------+-------------+-----
Conjurations   | 2 |  2.3
Spellcasting   | 5 |  5.1
Invocations    | 1 |  1.4
Fighting       | 1 |  1.2
Short Blades   | 1 |  1.2
Long Blades    | 1 |  1.2
Axes           | 1 |  1.2
Maces & Flails | 1 |  1.2
Polearms       | 1 |  1.2
Staves         | 1 |  1.2
Ranged Weapons | 1 |  1.2
Throwing       | 1 |  1.2
Armour         | 1 |  1.2
Shields        | 1 |  1.2
Unarmed Combat | 1 |  1.2
Evocations     | 1 |  1.2
Hexes          | 1 |  1.0
Summonings     | 1 |  1.0
Necromancy     | 1 |  1.0
Translocations | 1 |  1.0
Transmutations | 1 |  1.0
Ice Magic      | 1 |  1.0
Air Magic      | 1 |  1.0
Earth Magic    | 1 |  1.0
Poison Magic   | 1 |  1.0
Dodging        | |  4.7
Stealth        | |  4.3
Fire Magic     | |  5.5

Action                     |  1- 3 |  4- 6 || total
---------------------------+-------+-------++-------
  Melee: Unarmed           |     5 |       ||     5
         Mace              |       |     1 ||     1
   Cast: Foxfire           |   100 |    51 ||   151
         Scorch            |       |     2 ||     2
 Armour: Robe              |     3 |     2 ||     5
  Dodge: Dodged            |    17 |    13 ||    30
